 Dungeon Crawl Stone Soup version 0.24.1-5-g77f818bfca (webtiles) character file.

Game seed: 7155316600426511366, levelgen mode: deterministic

72 Peloso the Skirmisher (level 4, 0/41 HPs)
             Began as a Minotaur Fighter on Apr 23, 2020.
             Succumbed to an adder's poison
             ... on level 2 of the Dungeon.
             The game lasted 00:03:16 (1982 turns).

Peloso the Skirmisher (Minotaur Fighter)            Turns: 1982, Time: 00:03:17

Health: 0/41       AC:  7    Str: 21    XL:     4   Next: 6%
Magic:  3/3        EV:  7    Int:  5    God:
Gold:   93         SH:  9    Dex: 10    Spells: 3/3 levels left

rFire    . . .     SeeInvis .   a - +0 long sword
rCold    . . .     Gourm    .   c - +0 shield
rNeg     . . .     Faith    .   b - +0 scale mail
rPois    .         Spirit   .   (helmet restricted)
rElec    .         Reflect  .   (no cloak)
rCorr    .         Harm     .   (no gloves)
MR       .....                  (no boots)
Stlth    ..........             (no amulet)
HPRegen  0.13/turn              (no ring)
MPRegen  0.08/turn              (no ring)

@: lethally poisoned (0 -> -1)
A: retaliatory headbutt, horns 2
a: no special abilities


You were on level 2 of the Dungeon.
You were very hungry.

You visited 1 branch of the dungeon, and saw 3 of its levels.

You collected 93 gold pieces.

Inventory:

Hand Weapons
 a - a +0 long sword (weapon)
Armour
 b - a +0 scale mail (worn)
 c - a +0 shield (worn)
Jewellery
 i - an uncursed ring of resist corrosion {unknown}
Scrolls
 g - 2 scrolls of enchant armour {unknown}
 h - a scroll of blinking {unknown}
 j - a scroll of enchant weapon {unknown}
 l - 2 scrolls of remove curse {unknown}
 m - a scroll of identify {unknown}
Potions
 d - a potion of might
Comestibles
 f - 5 rations


   Skills:
 + Level 4.3 Fighting
 + Level 3.3 Long Blades
 + Level 4.2 Armour
 + Level 0.2 Dodging
 + Level 4.3 Shields


You had 3 spell levels left.
You didn't know any spells.
Your spell library was empty.

Dungeon Overview and Level Annotations

Branches:
Dungeon (3/15)

Altars:
Trog


Innate Abilities, Weirdness & Mutations

You reflexively headbutt those who attack you in melee.
You have a pair of horns on your head.


Message History

Unknown command.
You slash the adder!
The adder is almost dead.
The adder bites you but does no damage. The adder barely misses you.
You closely miss the adder. Your headbutt misses the adder.
The adder is almost dead.
The adder bites you but does no damage. The adder barely misses you.
Unknown command.
You closely miss the adder. You headbutt the adder.
You kill the adder!
You have reached level 4!
You feel stronger.
* * * LOW HITPOINT WARNING * * *
You feel sick.
Okay, then.
* * * LOW HITPOINT WARNING * * *
You feel sick.
Unknown command.
Unknown command.
You die...

#........#.# #.#
#.######.#.######<#
###.#####.........#.#
#......##.##.###..#.#
........#.##.###..#.#
..###...#.##.##.....#
..####.....#.##...###
...#.........##...#
....._.##.....>.@.#
..##...###..###..##
..###.####.## #..#
..##.......# #..#
...#.......# #..#
..........#####..#
#####............#
...##.#...#.###.##
##.#.#######....#


There were no monsters in sight!

Vanquished Creatures
  2 gnolls (D:3)
  An adder (D:2)
  A worm (D:2)
  A leopard gecko (D:2)
  2 orcs (D:3)
  5 giant cockroaches
  6 hobgoblins
  4 kobolds
  A ball python (D:1)
  5 bats
  2 frilled lizards (D:1)
  4 goblins
  2 rats
36 creatures vanquished.

Notes
Turn   | Place    | Note
-------+----------+-------------------------------------------
     0 | D:1      | Peloso the Minotaur Fighter began the quest for the Orb.
     0 | D:1      | Reached XP level 1. HP: 19/19 MP: 0/0
   298 | D:1      | Reached XP level 2. HP: 22/27 MP: 1/1
   906 | D:2      | Found a bloodstained altar of Trog.
  1185 | D:2      | Reached XP level 3. HP: 33/33 MP: 2/2
  1972 | D:2      | HP: 1/33 [poisoned by an adder]
  1975 | D:2      | Reached XP level 4. HP: 2/41 MP: 3/3
  1978 | D:2      | HP: 1/41 [poisoned by an adder]
  1982 | D:2      | Succumbed to an adder's poison

Levels and vault maps discovered:
D:1:      saegor_arrival_simple_a, layout_basic, chequers_avenue,
          minmay_tetromino_s4
D:2:      layout_loops_ring, first_ration, trog_three_pillars_becter
D:3:      layout_rooms, lemuel_zombie_altar_kikubaaqudgha,
          overflow_temple_1_default, minmay_overflow_temple_star_hex

Skill      XL: |  1  2  3 |
---------------+----------+-----
Fighting       | 4 |  4.3
Armour         | 4 |  4.2
Shields        | 4 |  4.3
Long Blades    | 3 |  3.3
Dodging        | |  0.2

Action                   |  1- 3 |  4- 6 || total
-------------------------+-------+-------++-------
Melee: Long sword        |    91 |       ||    91
       Headbutt          |    14 |       ||    14
  Use: Potion            |     5 |       ||     5
  Eat: Chunk             |     2 |       ||     2
Armor: Scale mail        |    35 |       ||    35
Dodge: Dodged            |    30 |       ||    30
Block: Shield            |    44 |       ||    44
       Rpst.: Long sword |    10 |       ||    10
